 Dungeon Crawl Stone Soup version 0.32-a0-893-gf85d74f (webtiles) character file.

Game seed: 11802783099209895916

137 danspanner the Conjurer (level 5, 0/32 HPs)
             Began as a Tengu Reaver on Apr 3, 2024.
             Slain by an iguana (8 damage)
             ... on level 4 of the Dungeon.
             The game lasted 00:08:12 (1905 turns).

danspanner the Conjurer (Tengu Reaver)              Turns: 1905, Time: 00:08:13

Health: 0/32       AC: 12    Str: 14    XL:     5   Next: 20%
Magic:  10/10      EV:  3    Int: 14    God:
Gold:   97         SH:  0    Dex: 12    Spells: 8/9 levels left

rFire   . . .        a - +0 spear
rCold   . . .        (no shield)
rNeg    . . .        c - +1 plate armour
rPois   .            (helmet restricted)
rElec   .            (no cloak)
rCorr   .            g - +0 pair of gloves
SInv    .            (boots unavailable)
Will    .....        (no amulet) Stlth
                     (no ring)
HPRegen 0.25/turn    (no ring)
MPRegen 0.12/turn

%: acrobat
@: mighty, very slow
A: beak, talons 3, acrobatic
a: no special abilities


You were on level 4 of the Dungeon.
You visited 1 branch of the dungeon, and saw 3 of its levels.

You collected 97 gold pieces.

Inventory:

Hand Weapons
 a - a +0 spear (weapon)
Missiles
 h - a throwing net
Armour
 c - a +1 plate armour (worn)
 g - a +0 pair of gloves (worn)
Scrolls
 e - 3 scrolls of teleportation
 f - a scroll of revelation {unknown}


   Skills:
 + Level 2.8 Fighting
 + Level 4.0 Polearms
 + Level 3.0 Dodging
 + Level 2.6 Spellcasting
 + Level 4.8 Conjurations
 + Level 1.3 Necromancy


You had 8 spell levels left.
You knew the following spells:

 Your Spells              Type           Power      Damage    Failure   Level
a - Kiss of Death         Conj/Necr      40%        2d8       100%        1

Your spell library contained the following spells:

 Spells                   Type           Power      Damage    Failure   Level
 Magic Dart               Conj           60%        1d6       99%         1
 Searing Ray              Conj           30%        2d5       99%         2
 Momentum Strike          Conj/Tloc      16%        3d8       100%        2
 Hailstorm                Conj/Ice       8%         3d5       100%        3
 Fulminant Prism          Conj/Alch      4%         3d5       100%        4


Dungeon Overview and Level Annotations

Branches:
Dungeon (4/15)
 Temple: D:4-7

Altars:
Xom

Shops:
D:1 *   D:2 ?=


Innate Abilities, Weirdness & Mutations

You have a beak for a mouth.
You have claws for feet.
You can magically evade attacks while moving or waiting.


Message History

The phantom is severely damaged.
The phantom completely misses you.
You hit the phantom but do no damage. Your kick misses the phantom.
The phantom is severely damaged.
The iguana bites you. The phantom hits you.
You barely miss the phantom. Your kick misses the phantom.
Your peck misses the phantom.
The phantom is severely damaged.
The iguana bites you.
The phantom hits you but does no damage.
You hit the phantom but do no damage. Your peck misses the phantom.
The phantom is severely damaged.
The iguana bites you but does no damage.
The phantom hits you but does no damage.
You hit the phantom.
The phantom is severely damaged.
The iguana bites you but does no damage.
The phantom hits you but does no damage.
Your unstable footing causes you to fumble your attack.
The iguana bites you.
The phantom hits you but does no damage.
Your unstable footing causes you to fumble your attack.
The iguana bites you. The phantom barely misses you.
You hit the phantom.
The phantom is severely damaged.
The iguana bites you.
* * * LOW HITPOINT WARNING * * *
The phantom barely misses you.
Okay, then.
You feel very mighty all of a sudden.
The iguana bites you but does no damage.
The phantom hits you.
* * * LOW HITPOINT WARNING * * *
Your unstable footing causes you to fumble your attack.
Your unstable footing causes you to fumble your attack.
The iguana bites you but does no damage.
The phantom hits you but does no damage.
Your unstable footing causes you to fumble your attack.
The iguana bites you!
You die...

♣.. #.# ~P~~P~~P♣♣#..
#.# P~~~≈~~~♣....###
#..
~~≈≈≈~~~♣♣##...###
#.# ≈≈≈≈≈≈~~~P♣ #.<.#
#.#
~≈≈≈≈≈≈P~~♣###)#.#
#..
~≈≈≈≈≈≈≈~~~♣#...#.#
##.
~≈≈≈≈≈≈~~~♣...###.###
#. ~≈≈≈≈≈≈W@♣♣♣..#
#...####.
≈≈≈≈≈≈≈≈≈l~♣.##
###......
~≈≈≈≈≈≈≈≈~P~♣.#
#####.#
P~≈≈≈≈≈≈≈~P~..# #.#
P~≈≈≈≈≈≈≈~~♣♣## #..
~~♣≈≈≈≈≈~~P♣ ###
~P~~~≈~~~♣♣♣ #
♣PP♣~P~~P~♣♣ #
~~P~~~~~~~~♣ #


You could see a phantom and an iguana.

Vanquished Creatures
  A scorpion (D:4)
  A hound (D:4)
  A dart slug (D:1)
  4 endoplasms
  4 giant cockroaches
  5 goblins
  3 hobgoblins (D:1)
  3 quokkas
  2 ball pythons
  9 bats
  3 frilled lizards (D:1)
  3 kobolds
  5 rats (D:2)
44 creatures vanquished.

Notes
Turn   | Place    | Note
-------+----------+-------------------------------------------
     0 | D:1      | danspanner the Tengu Reaver began the quest for the Orb.
     0 | D:1      | Reached XP level 1. HP: 12/12 MP: 4/4
   200 | D:1      | Reached XP level 2. HP: 9/17 MP: 6/6
   295 | D:1      | Found Zacyv's Assorted Antiques.
   544 | D:1      | Reached XP level 3. HP: 21/21 MP: 7/7
  1101 | D:2      | Found a shimmering altar of Xom.
  1348 | D:2      | Found Beegaxkata's Jewellery Shop.
  1395 | D:2      | Found Inugg's Magic Scroll Emporium.
  1647 | D:2      | You fall into a shaft and drop 2 floors!
  1659 | D:4      | Reached XP level 4. HP: 27/27 MP: 8/8
  1684 | D:4      | Noticed a scorpion
  1699 | D:4      | Killed a scorpion
  1700 | D:4      | Reached skill level 1 in Necromancy
  1700 | D:4      | Reached XP level 5. HP: 8/32 MP: 8/10
  1708 | D:4      | HP: 2/48 [poisoned by a scorpion]
  1861 | D:4      | Noticed a phantom
  1905 | D:4      | Slain by an iguana

Illustrated notes

Levels and vault maps discovered:
D:1:      kennysheep_arrival_seaside, layout_basic, serial_curves,
          eino_curves_04, eino_curves_03, serial_shops, shop_statue
D:2:      layout_basic, basic_altar, serial_shops, nicolae_shop_hallway_stairs,
          nicolae_shop_rolled_up
D:4:      layout_basic, serial_bayou_lake_a

Skill      XL: |  1  2  3  4  5 |
---------------+----------------+-----
Dodging        | 3 |  3.0
Necromancy     | 1 |  1.3
Polearms       | 4 |  4.0
Fighting       | |  2.8
Spellcasting   | |  2.6
Conjurations   | |  4.8

Action                     |  1- 3 |  4- 6 || total
---------------------------+-------+-------++-------
  Melee: Spear             |   120 |    51 ||   171
         Kick              |    23 |     6 ||    29
         Peck              |    15 |     5 ||    20
    Use: Scroll            |     4 |     1 ||     5
         Potion            |       |     2 ||     2
 Armour: Plate armour      |    83 |    41 ||   124
  Dodge: Dodged            |    23 |    15 ||    38

Table legend: (Time is in decaauts)
 A = Elapsed time spent in this place.
 B = Non-inter-level travel time spent in this place.
 C = Inter-level travel time spent in this place.
 D = Time resting spent in this place.
 E = Time spent auto-exploring this place.
 F = Levels seen in this place.
 G = Mean time per level.
                   A        B        C        D        E       F      G
               +--------+--------+--------+--------+--------+-----+--------+
         Total |   1900 |   1824 |     76 |     20 |   1467 |   3 |  633.3 |
       Dungeon |   1900 |   1824 |     76 |     20 |   1467 |   3 |  633.3 |
               +--------+--------+--------+--------+--------+-----+--------+

Top non-repeatable levels by time:
     D:1: 1079 daAuts
     D:2: 563 daAuts
     D:4: 258 daAuts
